 Dungeon Crawl Stone Soup version 0.17-a0-1133-gfb1399f (webtiles) character file.

70 Hanyuu the Insei (level 4, 28/28 HPs)
             Began as an Octopode Transmuter on May 25, 2015.
             Quit the game on level 2 of the Dungeon.
             The game lasted 00:03:12 (1765 turns).

Hanyuu the Insei (Octopode Transmuter)              Turns: 1765, Time: 00:03:12

Health: 28/28      AC:  1    Str:  9    XL:     4   Next: 21%
Magic:  7/7        EV: 12    Int: 16    God:
Gold:   95         SH:  0    Dex: 12    Spells: 3 memorised, 1 level left

rFire  . . .     SeeInvis .       - Unarmed
rCold  . . .     Clarity  .     (no shield)
rNeg   . . .     SustAt   .     (helmet restricted)
rPois  .         Gourm    .     (no amulet)
rElec  .         Spirit   .     (no ring)
rCorr  .         Warding  .     (no ring)
rMut   .         Stasis   .     (no ring)
MR     .....                    (no ring)
Stlth  ++........               (no ring)
                                (no ring)
                                (no ring)
                                (no ring)

@: not resistant to hostile enchantments, unstealthy
A: almost no armour, amphibious, 8 rings, constrict 8, camouflage 1, gelatinous
body 1
a: no special abilities


You were on level 2 of the Dungeon.
You were not hungry.

You visited 1 branch of the dungeon, and saw 2 of its levels.

You collected 95 gold pieces.

Inventory:

Missiles
 a - 12 arrows
 k - 13 tomahawks (quivered)
 o - 15 poisoned needles
 p - 6 poisoned arrows
Scrolls
 d - a scroll of fear {unknown}
 h - 3 scrolls of remove curse {unknown}
 i - a scroll of enchant armour {unknown}
 j - a scroll of magic mapping {unknown}
 l - a scroll of teleportation {unknown}
 n - a scroll of random uselessness {unknown}
Potions
 e - 2 potions of heal wounds {unknown}
 g - a potion of magic {unknown}
 m - 2 potions of curing {unknown}
 r - a potion of poison {unknown}
 s - a potion of might {unknown}
Books
 b - a book of Changes

   Spells                             Type                      Level
   a - Beastly Appendage              Transmutation                1
   b - Sticks to Snakes               Transmutation                2
   c - Spider Form                    Transmutation/Poison         3
   d - Ice Form                       Ice/Transmutation            4
   e - Blade Hands                    Transmutation                5
Comestibles
 c - a bread ration
 f - a meat ration
 q - 2 chunks of flesh


   Skills:
 - Level 1.0 Fighting
 - Level 2.0 Dodging
 + Level 4.9 Unarmed Combat
 - Level 2.0 Spellcasting
 - Level 2.0 Transmutations


You had one spell level left.
You knew the following spells:

 Your Spells              Type           Power        Failure   Level  Hunger
a - Beastly Appendage     Trmt           #.....       10%         1    #......
b - Sticks to Snakes      Trmt           #.........   14%         2    ###....
c - Spider Form           Trmt/Pois      #.........   38%         3    ###....


Dungeon Overview and Level Annotations

Branches:
Dungeon (2/15)

Altars:


Innate Abilities, Weirdness & Mutations

You cannot wear most types of armour.
You are amphibious.
You can wear up to eight rings at the same time.
You can use your tentacles to constrict eight enemies at once.
Your skin changes colour to match your surroundings (Stealth).
Your rubbery body absorbs attacks (AC +1).


Message History

HP restored.
A hobgoblin comes into view. It is wielding a club.
Eat one of 3 chunks of flesh? (ye/n/q/i?) This raw flesh tastes terrible.
The hobgoblin shouts!
You continue eating. x2
The hobgoblin hits you but does no damage.
You bludgeon the hobgoblin!
You kill the hobgoblin!
A giant newt comes into view.
You see here a club.
You bludgeon the giant newt!
You kill the giant newt!
No target in view!
s - an emerald potion You see here a giant newt corpse.
You see here a club.
Done exploring.
Done exploring.
Are you sure you want to abandon this character and quit the game? (Confirm with "yes".)

#..............# ###.#
#..............######....
####.....................
#..####.......)#######
#######..####.....##.###....
#.....#..##.+.....##.......#
#.....#..##.#.....######....
#.....#......[..........#...
#.......>..@................
#.....####.###.#..#...#.....
#..........# #....#.#.#.....
#......##### ###....#.#.....
#......# ######.#.....
####.#.### #.#..... #.#...#
#....... #.###.#####
####.... #.........# #....


There were no monsters in sight!

Vanquished Creatures
  3 adders (D:2)
  2 giant geckos
  7 goblins
  4 hobgoblins
  4 jackals (D:1)
  2 kobolds
  A quokka (D:2)
  4 bats
  5 giant cockroaches
  5 giant newts
  2 rats (D:2)
39 creatures vanquished.

Notes
Turn   | Place    | Note
--------------------------------------------------------------
     0 | D:1      | Hanyuu the Octopode Transmuter began the quest for the Orb.
     0 | D:1      | Reached XP level 1. HP: 13/13 MP: 3/3
   367 | D:1      | Reached XP level 2. HP: 15/18 MP: 5/5
   795 | D:1      | Reached skill level 4 in Unarmed Combat
   819 | D:1      | Reached XP level 3. HP: 11/23 MP: 6/6
   823 | D:1      | Learned a level 2 spell: Sticks to Snakes
   827 | D:1      | Learned a level 3 spell: Spider Form
  1602 | D:2      | Reached XP level 4. HP: 24/28 MP: 4/7
  1765 | D:2      | Quit the game

Vault maps used:
D:1:      lordsloth_arrival_two_stooges, minmay_misc_feat_doors

Action                   |  1- 3 |  4- 6 || total
-------------------------+-------+-------++-------
Melee: Unarmed           |    79 |     4 ||    83
 Cast: Beastly Appendage |     2 |       ||     2
 Stab: Sleeping          |     5 |       ||     5
  Eat: Chunk             |     2 |     1 ||     3
